[Event "Quebec op"]
[Site "Ste-Foy CAN"]
[Date "2017.08.17"]
[Round "7"]
[White "Duong, Thanh Nha"]
[Black "Berube, Antoine"]
[Result "1/2-1/2"]
[ECO "A05"]
[WhiteElo "2122"]
[BlackElo "2121"]
[PlyCount "71"]
[EventDate "2017.08.12"]
[EventType "swiss"]
[EventRounds "9"]
[EventCountry "CAN"]
[TimeControl "600+2"]

1. e4 c5 2. Nf3 d6 3. g3 Nf6 4. d3 g6 5. Bg2 Bg7 6. O-O O-O 7. c3 e5 8. a3 Re8
9. b4 b6 10. h3 Bb7 11. c4 Nc6 12. b5 Ne7 13. a4 a5 14. Nc3 Nd7 15. Ra2 h6 16.
Nh4 Nf8 17. Be3 Ne6 18. Qc1 Kh7 19. f4 exf4 20. gxf4 Nd4 21. f5 Ng8 22. Qe1 g5
23. Nf3 Nxf5 24. Nxg5+ hxg5 25. Rxf5 f6 26. h4 Nh6 27. Rf1 g4 28. Nd5 Bxd5 29.
cxd5 f5 30. Bxh6 Bxh6 31. Rxf5 Rf8 32. Qf2 Qe7 33. Re2 g3 34. Qf3 Qxh4 35. Qh5
Qxh5 36. Rxh5 1/2-1/2

[Event "Carnaval"]
[Site "Quebec CAN"]
[Date "2016.02.20"]
[Round "2"]
[White "Larochelle, Martial"]
[Black "Duong, Thanh Nha"]
[Result "1/2-1/2"]
[ECO "E11"]
[WhiteElo "2099"]
[BlackElo "2308"]
[PlyCount "57"]
[EventDate "2016.02.19"]
[EventType "swiss"]
[EventRounds "5"]
[EventCountry "CAN"]
[TimeControl "900+2"]

1. d4 e6 2. c4 Bb4+ 3. Bd2 a5 4. Nc3 Nf6 5. Qc2 d5 6. e3 O-O 7. Nf3 c6 8. Bd3
Nbd7 9. O-O Qe7 10. e4 Bxc3 11. Bxc3 dxe4 12. Bxe4 Nxe4 13. Qxe4 Nf6 14. Qe1 b6
15. Ne5 Bb7 16. Qe3 Rfd8 17. Rfd1 a4 18. b3 axb3 19. axb3 Rxa1 20. Rxa1 Ra8 21.
Rxa8+ Bxa8 22. d5 exd5 23. Qxb6 c5 24. Qb8+ Qf8 25. Qxf8+ Kxf8 26. cxd5 Bxd5
27. Nd3 Ne4 28. Bb2 Bxb3 29. Nxc5 1/2-1/2

[Event "Carnaval"]
[Site "Quebec CAN"]
[Date "2016.02.20"]
[Round "3"]
[White "Duong, Thanh Nha"]
[Black "Zhu, Hong Rui"]
[Result "1/2-1/2"]
[ECO "A03"]
[WhiteElo "2308"]
[BlackElo "2235"]
[PlyCount "114"]
[EventDate "2016.02.19"]
[EventType "swiss"]
[EventRounds "5"]
[EventCountry "CAN"]
[TimeControl "900+2"]

1. b3 c5 2. Bb2 Nc6 3. e3 d5 4. Bb5 Bd7 5. f4 Nf6 6. Nf3 a6 7. Bxc6 Bxc6 8. O-O
e6 9. Ne5 Rc8 10. d3 Be7 11. Nd2 O-O 12. Rf3 d4 13. e4 Nd7 14. Nxc6 Rxc6 15.
Rh3 e5 16. fxe5 Bg5 17. Nf3 Be3+ 18. Kh1 Re8 19. Bc1 Bxc1 20. Qxc1 Nxe5 21. Qf4
Qf6 22. Qxf6 Rxf6 23. Nxe5 Rxe5 24. Rf3 Rc6 25. a4 b6 26. Kg1 f6 27. Kf2 Kf7
28. Ke2 Ke6 29. g4 Rg5 30. Rg3 h5 31. Rag1 hxg4 32. Rxg4 Rxg4 33. Rxg4 Rc7 34.
h4 Kf7 35. h5 b5 36. axb5 axb5 37. Rg2 Re7 38. Kf3 Re5 39. Rh2 c4 40. bxc4 bxc4
41. dxc4 Rc5 42. Ke2 Rxc4 43. Kd3 Ra4 44. Rf2 Ke6 45. Rf5 Rb4 46. Rd5 Ra4 47.
Rxd4 Ra5 48. Rd5 Rxd5+ 49. exd5+ Kxd5 50. c4+ Kc5 51. Kc3 Kc6 52. Kd4 Kd6 53.
c5+ Kc6 54. Kc4 f5 55. Kd4 f4 56. Ke4 Kxc5 57. Kxf4 Kd6 1/2-1/2